Map: Одиссея РВ

Players

Murena

  • Race: Terran Terran
  • Spawn Location: 11:00

ИИ 1 (эксперт) - Winner!

  • Race: Protoss Protoss
  • Spawn Location: 5:00

VOD

Have the link to the VOD?

Description

Time

  • Played on: April 14, 2019, 11:48 a.m.
  • Length: 5:13
Show
View Real Time Build Order
Export as new Build Order

Murena Terran 

Build Orders:  

Get SALT Encoding   

  12  0:01  SCV  
  13  0:13  SCV  
  14  0:19  Refinery  
  14  0:26  SCV  
  15  0:30  Supply Depot  
  15  0:53  Barracks  
  15  0:54  SCV  
  16  1:06  SCV  
  17  1:18  SCV  
  17  1:22  Supply Depot  
  18  1:26  Refinery  
  18  1:31  SCV  
  19  1:40  Marine  
  19  1:42  Factory  
  20  1:47  Orbital Command  
  20  1:58  Marine  
  21  2:10  Barracks  
  21  2:13  SCV  
  22  2:18  Marine  
  23  2:25  Factory Tech Lab  
  23  2:27  SCV  
  24  2:36  Marine  
  25  2:40  SCV  
  29  2:44  Siege Tank  
  29  2:49  Supply Depot  
  29  2:53  SCV  
  29  2:55  Barracks Tech Lab  
  29  2:58  Barracks Reactor  
  31  3:05  SCV  
  31  3:15  Marauder  
  31  3:16  Supply Depot  
  31  3:18  Siege Tank  
  36  3:23  SCV  
  37  3:35  Starport, Marine x2  
  37  3:39  Marauder  
  41  3:47  SCV  
  42  3:54  Engineering Bay, Marine x2  
  44  4:01  SCV  
  45  4:14  Starport Tech Lab  
Show
View Real Time Build Order
Export as new Build Order

ИИ 1 (эксперт) Protoss - Winner!

Build Orders:  

Get SALT Encoding   

  12  0:00  Probe  
  13  0:13  Probe  
  14  0:20  Pylon  
  14  0:25  Probe  
  15  0:34  Probe  
  15  0:42  Probe  
  16  0:47  Assimilator  
  17  0:50  Gateway  
  17  0:52  Probe  
  18  1:00  Probe  
  18  1:02  Pylon  
  18  1:08  Probe  
  20  1:18  Probe  
  21  1:36  Zealot, Gateway  
  21  1:38  Probe  
  21  1:39  Cybernetics Core  
  24  1:49  Pylon  
  24  1:50  Probe  
  25  2:00  Probe  
  25  2:03  Zealot  
  25  2:06  Warp Gate  
  25  2:08  Probe  
  28  2:11  Assimilator  
  29  2:17  Probe  
  30  2:23  Adept  
  30  2:29  Probe  
  33  2:30  Adept  
  33  2:36  Pylon  
  35  2:41  Probe  
  36  2:53  Adept, Probe  
  39  3:01  Sentry  
  39  3:05  Probe  
  42  3:18  Probe  
  42  3:19  Nexus  
  43  3:24  Stalker  
  45  3:30  Probe  
  46  3:37  Robotics Facility  
  46  3:42  Probe  
  46  3:45  Pylon  
  47  4:02  Adept, Probe  
  50  4:10  Probe  
  51  4:18  Probe  
  51  4:19  Adept  
  54  4:29  Probe  
  54  4:30  Adept, Probe  
  58  4:35  Robotics Bay  
  58  4:40  Observer  
  58  4:41  Probe  
  58  4:42  Probe  
  61  4:49  Robotics Facility  
  61  4:50  Adept  
  57  4:53  Probe  
  57  4:54  Adept, Probe  
  49  5:10  Stalker  
Tags
 
Add a new tag
Caveats
  • Supply blocks, unpowered buildings, or Contaminate may cause inaccurate times.
  • Supply counts are checked every 10 seconds.